 Dungeon Crawl Stone Soup version 0.31-a0-806-g0bc164a743 (webtiles) character file.

Game seed: 15441794998336032417

66 hikkokomori the Vexing (level 4, -2/33 HPs)
             Began as a Formicid Hexslinger on Sept 20, 2023.
             Slain by a gnoll
             ... wielding a +0 whip
              (4 damage)
             ... on level 2 of the Dungeon.
             The game lasted 00:04:20 (1274 turns).

hikkokomori the Vexing (Formicid Hexslinger)        Turns: 1274, Time: 00:04:20

Health: -2/33      AC:  2    Str: 13    XL:     4   Next: 37%
Magic:  4/6        EV: 12    Int: 12    God:
Gold:   120        SH:  0    Dex: 18    Spells: 1/6 levels left

rFire   . . .        a - +1 sling
rCold   . . .        (no shield)
rNeg    . . .        c - +0 robe
rPois   .            (helmet unavailable)
rElec   .            (no cloak)
rCorr   .            (no gloves)
SInv    +            (no boots)
Will    .....        (no amulet)
Stlth   ++           (no ring)
HPRegen 0.25/turn    (no ring)
MPRegen 0.10/turn

%: clarity
@: weak-willed, attractive
A: permanent stasis, dig shafts and tunnels, antennae 3, four strong arms,
clarity
a: Dig, Shaft Self


You were on level 2 of the Dungeon.
You visited 1 branch of the dungeon, and saw 2 of its levels.

You collected 120 gold pieces.

Inventory:

Hand Weapons
 a - a +1 sling (weapon)
 j - a +2 spear of flaming
Missiles
 d - 8 poisoned darts
Armour
 c - a +0 robe (worn)
Scrolls
 b - 2 scrolls of poison
 e - a scroll of immolation {unknown}
 f - 3 scrolls of identify {unknown}
 h - a scroll of teleportation {unknown}
 k - a scroll of enchant weapon {unknown}
 l - a scroll of amnesia {unknown}
Potions
 g - a potion of magic {unknown}
 i - a potion of curing {unknown}


   Skills:
 + Level 2.0 Fighting
 + Level 2.6 Ranged Weapons
 - Level 1.8 Dodging
 + Level 1.9 Spellcasting
 + Level 4.1 Hexes
 + Level 1.7 Fire Magic


You had one spell level left.
You knew the following spells:

 Your Spells              Type           Power      Damage    Failure   Level
a - Inner Flame           Hex/Fire       8%         N/A       24%         3
b - Jinxbite              Hex            22%        N/A       8%          2

Your spell library contained the following spells:

 Spells                   Type           Power      Damage    Failure   Level
 Sigil of Binding         Hex            11%        N/A       16%         3
 Cause Fear               Hex            5%         N/A       45%         4
 Dimensional Bullseye     Hex/Tloc       3%         N/A       75%         4


Dungeon Overview and Level Annotations

Branches:
Dungeon (2/15)

Altars:


Innate Abilities, Weirdness & Mutations

You cannot be hasted, slowed, berserked, paralysed or teleported.
You can dig through walls and to a lower floor.
You have a pair of large antennae on your head. (SInv)
Your four strong arms can wield two-handed weapons with a shield.
You possess an exceptional clarity of mind.


Message History

The gnoll is heavily wounded.
A giggling sprite leaps out and makes the gnoll trip over its own feet.
The gnoll is severely wounded.
The gnoll hits you with a +0 flail.
You are too injured to fight recklessly!
You are too injured to fight recklessly!
Unknown command.
You shoot a sling bullet.
The sling bullet hits the gnoll but does no damage.
The gnoll is severely wounded.
A giggling sprite leaps out and doodles on the gnoll's face.
The gnoll is almost dead.
The jinxing sprites lose interest in you.
The gnoll seems less drained.
The gnoll hits you with a +0 flail.
You shoot a sling bullet.
The sling bullet hits the gnoll but does no damage.
The gnoll is almost dead.
The gnoll hits you with a +0 flail.
Unknown command.
Fire: a) +1 sling
Press: ? - help, Shift-Dir - straight line, f/p - gnoll
Aim: a gnoll, wielding a +0 flail (almost dead, heavily drained, 65% to hit)
You shoot a sling bullet. The sling bullet hits the gnoll.
You kill the gnoll!
The gnoll seems less drained.
The gnoll hits you but does no damage.
Unknown command.
Fire: a) +1 sling
Press: ? - help, Shift-Dir - straight line, f - gnoll
Aim: a gnoll, wielding a +0 whip and wearing a +0 robe (heavily wounded, 65% to hit)
You shoot a sling bullet. The sling bullet hits the gnoll.
The gnoll is heavily wounded.
The gnoll hits you with a +0 whip!
* * * LOW HITPOINT WARNING * * *
It was a potion of mutation.
You feel extremely strange.
Your thoughts seem clearer.
The gnoll barely misses you.
It was a potion of attraction.
You feel attractive to monsters. The gnoll hits you with a +0 whip.
You die...

..########.# ##..#####
.......###.# #.....#
.......##..# #.....##.
.......##.## #....!...
....#..##.###########...g....
....##.............g.........
....##....#########.#####.#..
.........## ####.# ....###..#


#@ggg# ....# #..# ###### #...###..# ##..#...####### .#............#
.#........^...# #####.........# ###.##..#.....## .÷.÷.#..#......# You could see
2 gnolls and a hobgoblin.

Vanquished Creatures
  A gnoll (D:2)
  An adder (D:2)
  2 worms (D:2)
  2 dart slugs
  9 bats
  2 endoplasms
  A giant cockroach (D:2)
  2 goblins
  4 hobgoblins
  5 kobolds
  A quokka (D:2)
  3 ball pythons
  A frilled lizard (D:2)
  5 rats
39 creatures vanquished.

Notes
Turn   | Place    | Note
-------+----------+-------------------------------------------
     0 | D:1      | hikkokomori the Formicid Hexslinger began the quest for the
                  | Orb.
     0 | D:1      | Reached XP level 1. HP: 15/15 MP: 2/2
    90 | D:1      | Reached XP level 2. HP: 21/21 MP: 3/3
   743 | D:2      | Reached XP level 3. HP: 26/26 MP: 5/5
   790 | D:1      | Learned a level 3 spell: Inner Flame
   793 | D:1      | Learned a level 2 spell: Jinxbite
   836 | D:2      | Reached skill level 4 in Hexes
   974 | D:2      | Reached XP level 4. HP: 32/33 MP: 6/6
  1273 | D:2      | Gained mutation: You possess an exceptional clarity of
                  | mind. [potion of mutation]
  1274 | D:2      | Slain by a gnoll

Illustrated notes

Levels and vault maps discovered:
D:1:      matt_arrival_diagonals, layout_loops_ring
D:2:      layout_rooms, basic_altar, hangedman_glass_teeth,
          minmay_joined_circles

Skill      XL: |  1  2  3  4 |
---------------+-------------+-----
Hexes          | 4 |  4.1
Fighting       | 2 |  2.0
Ranged Weapons | |  2.6
Dodging        | |  1.8
Spellcasting   | |  1.9
Fire Magic     | |  1.7

Action                     |  1- 3 |  4- 6 || total
---------------------------+-------+-------++-------
   Fire: Sling             |   104 |    29 ||   133
   Cast: Jinxbite          |     3 |     2 ||     5
    Use: Scroll            |     1 |       ||     1
         Potion            |       |     2 ||     2
 Armour: Robe              |    42 |    16 ||    58
  Dodge: Dodged            |    44 |    11 ||    55

Table legend: (Time is in decaauts)
 A = Elapsed time spent in this place.
 B = Non-inter-level travel time spent in this place.
 C = Inter-level travel time spent in this place.
 D = Time resting spent in this place.
 E = Time spent auto-exploring this place.
 F = Levels seen in this place.
 G = Mean time per level.
                   A        B        C        D        E       F      G
               +--------+--------+--------+--------+--------+-----+--------+
         Total |   1311 |   1273 |     38 |     99 |    809 |   2 |  655.5 |
       Dungeon |   1311 |   1273 |     38 |     99 |    809 |   2 |  655.5 |
               +--------+--------+--------+--------+--------+-----+--------+

Top non-repeatable levels by time:
     D:1: 763 daAuts
     D:2: 548 daAuts
